 Dungeon Crawl Stone Soup version 0.31-a0-152-g6aa68a64a1 (webtiles) character file.

Game seed: 17977551940741332353

47 qw the Shooter (level 3, -1/31 HPs)
             Began as a Minotaur Hunter on June 10, 2023.
             Slain by an orc
             ... wielding a +0 war axe
              (7 damage)
             ... on level 4 of the Dungeon.
             The game lasted 00:00:19 (804 turns).

qw the Shooter (Minotaur Hunter)                     Turns: 804, Time: 00:00:19

Health: -1/31      AC:  5    Str: 15    XL:     3   Next: 48%
Magic:  2/2        EV: 11    Int:  6    God:
Gold:   79         SH:  0    Dex: 15    Spells: 2/2 levels left

rFire   + . .        Y - +0 shortbow
rCold   . . .        (shield currently unavailable)
rNeg    . . .        e - +0 ring mail
rPois   .            (helmet restricted)
rElec   .            (no cloak)
rCorr   .            (no gloves)
SInv    +            (no boots)
Will    .....        (no amulet)
Stlth   +            f - ring of protection from fire
HPRegen 0.25/turn    g - ring of see invisible
MPRegen 0.08/turn

%: no passive effects
@: no status effects
A: horns 2, retaliatory headbutt
a: no special abilities


You were on level 4 of the Dungeon.
You visited 1 branch of the dungeon, and saw 3 of its levels.

You collected 79 gold pieces.


Innate Abilities, Weirdness & Mutations

You have a pair of horns on your head.
You reflexively headbutt those who attack you in melee.


   Skills:
 - Level 3.0 Fighting
 + Level 5.3 Ranged Weapons
 - Level 1.2 Armour
 - Level 2.1 Dodging
 - Level 0.7 Stealth


You had 2 spell levels left.
You didn't know any spells.
Your spell library was empty.

Inventory:

Hand Weapons
 Y - a +0 shortbow (weapon)
Armour
 e - a +0 ring mail (worn)
Jewellery
 f - a ring of protection from fire (left hand)
 g - a ring of see invisible (right hand)

Dungeon Overview and Level Annotations

Branches:
Dungeon (2/15)

Altars:


Message History

The arrow closely misses the orc wizard.
You shoot an arrow. The arrow hits the orc wizard.
The orc wizard is heavily wounded.
You shoot an arrow. The arrow hits the orc wizard.
The orc wizard is severely wounded.
The orc wizard casts a spell.
The orc wizard flickers and vanishes for a moment.
You hear a shout!
You shoot an arrow. The arrow hits the orc wizard.
The orc wizard is almost dead.
You hear a shout!
An orc comes into view. It is wielding a +0 short sword.
You shoot an arrow. The arrow hits the orc wizard.
The orc wizard is almost dead.
The orc wizard hits you but does no damage.
An orc comes into view. It is wielding a +0 war axe.
You shoot an arrow. The arrow barely misses the orc wizard.
The orc wizard casts a spell at you.
You are confused.
The orc wizard hits you with a +0 dagger.
The orc wizard hits you with a +0 dagger.
The orc wizard hits you with a +0 dagger.
The orc hits you but does no damage. The orc wizard misses you.
The orc wizard gestures at you while chanting.
The puff of flame hits you. You resist. The orc wizard casts a spell at you.
The puff of flame hits you. You resist. The orc hits you with a +0 short sword.
You feel less confused. The orc misses you. You furiously retaliate!
You headbutt the orc. The orc wizard barely misses you.
The orc hits you but does no damage.
You shoot an arrow. The arrow barely misses the orc wizard.
The orc hits you with a +0 short sword. The orc wizard barely misses you.
You furiously retaliate!
You headbutt the orc wizard, but do no damage.
The orc hits you with a +0 war axe!
You shoot an arrow. The arrow hits the orc wizard!
You kill the orc wizard!
The orc hits you with a +0 short sword. The orc misses you.
The orc hits you with a +0 war axe!
You die...

......
..... #...#
+...+ #...#
#+## #...#
+.... #...#
#.....#...#
#.....'@o.+
#.....#)o.#
+.... #...#
#+## #...#
#...# +...+
#...# ##...


You could see 2 orcs.

Vanquished Creatures
  An orc wizard (D:4)
  A gnoll (D:1)
  An adder (D:4)
  A dart slug (D:1)
  4 endoplasms (D:1)
  3 giant cockroaches (D:1)
  A goblin (D:1)
  2 hobgoblins (D:1)
  A jackal (D:2)
  A kobold (D:1)
  4 ball pythons (D:1)
  3 bats (D:1)
  3 rats (D:1)
26 creatures vanquished.

Notes
Turn   | Place    | Note
-------+----------+-------------------------------------------
     0 | D:1      | qw the Minotaur Hunter began the quest for the Orb.
     0 | D:1      | Reached XP level 1. HP: 18/18 MP: 0/0
     0 | D:1      | 0 ||| qw: Version: 0.2-a-122-gbc61b45
     0 | D:1      | 0 ||| qw: Game counter: 3657
     0 | D:1      | 0 ||| qw: Always use a shield: true
     0 | D:1      | 0 ||| qw: God list: Okawaru
     0 | D:1      | 0 ||| qw: Allow faded altars: false
     0 | D:1      | 0 ||| qw: Do Orc after D:15 true
     0 | D:1      | 0 ||| qw: Do second Lair branch before Depths: true
     0 | D:1      | 0 ||| qw: Lair rune preference: random
     0 | D:1      | 0 ||| qw: Plans: Normal
     0 | D:1      | 0 ||| PLANNING D:1-11
    29 | D:1      | Reached XP level 2. HP: 8/25 MP: 1/1
   129 | D:1      | Reached skill level 5 in Ranged Weapons
   257 | D:1      | Reached skill level 3 in Fighting
   289 | D:1      | Reached XP level 3. HP: 31/31 MP: 2/2
   704 | D:1      | 704 ||| UPGRADING to +0 ring mail.
   714 | D:1      | 714 ||| DROPPING +0 leather armour.
   715 | D:1      | 715 ||| UPGRADING to ring of protection from fire.
   716 | D:1      | 716 ||| UPGRADING to ring of see invisible.
   717 | D:1      | 717 ||| READING scroll labelled FIHIK BACSIFOR.
   718 | D:1      | 718 ||| READING scroll labelled KOJOALUDIPI.
   719 | D:1      | 719 ||| DROPPING scroll of butterflies.
   780 | D:2      | You fall into a shaft and drop 2 floors!
   789 | D:4      | Reached skill level 1 in Armour
   804 | D:4      | HP: 6/31 [orc/+0 short sword (4)]
   804 | D:4      | Slain by an orc

Levels and vault maps discovered:
D:1:      psy_arrival_conway, layout_loops_ring, fountainhead, minivault_27
D:2:      layout_basic, uniq_jessica
D:4:      layout_basic, nicolae_alphabet_shops, serial_bayou_ford_a,
          minmay_snake_closets, uniq_edmund

Skill      XL: |  1  2  3 |
---------------+----------+-----
Ranged Weapons | 5 |  5.3
Fighting       | 3 |  3.0
Armour         | 1 |  1.2
Dodging        | |  2.1
Stealth        | |  0.7

Action                     || total
---------------------------++-------
   Fire: Shortbow          ||    74
    Use: Scroll            ||     2
 Armour: Leather armour    ||     3
         Ring mail         ||     5
  Dodge: Dodged            ||    16

Table legend:
 A = Non-vault XP
 B = Vault XP
 C = Vault XP percentage of total XP
 D = Non-vault monster count
 E = Vault monster count
 F = Vault count percentage of total count
                 A         B        C        D         E       F
            +---------+---------+-------+---------+---------+-------
      Total |      90 |      13 |  12.6 |      25 |       1 |   3.8
            +---------+---------+-------+---------+---------+-------
        D:1 |      53 |       0 |   0.0 |      23 |       0 |   0.0
        D:2 |       2 |       0 |   0.0 |       1 |       0 |   0.0
        D:4 |      35 |      13 |  27.1 |       1 |       1 |  50.0
            +---------+---------+-------+---------+---------+-------
